 Dungeon Crawl Stone Soup version 0.29-a0-2-g12fcac58f8 (webtiles) character file.

Game seed: 9757075992953993859

42 fragbeetle the Magician (level 3, 0/25 HPs)
             Began as a Gnoll Hedge Wizard on Jan 26, 2022.
             Succumbed to a kobold's poison
             ... on level 2 of the Dungeon.
             The game lasted 00:02:23 (1508 turns).

fragbeetle the Magician (Gnoll Hedge Wizard)        Turns: 1508, Time: 00:02:23

Health: 0/25       AC:  2    Str:  9    XL:     3   Next: 56%
Magic:  1/11       EV: 13    Int: 15    God:
Gold:   8          SH:  0    Dex: 11    Spells: 13/16 levels left

rFire   . . .      SeeInvis .   o - +1 dagger (venom)
rCold   . . .      Faith    .   (no shield)
rNeg    + . .      Spirit   .   b - +0 robe
rPois   .          Reflect  .   c - +0 hat
rElec   .          Harm     .   (no cloak)
rCorr   .          Rampage  .   (no gloves)
Will    .....                   (no boots)
Stlth   ++........              (no amulet)
HPRegen 0.08/turn               d - ring of positive energy
MPRegen 0.12/turn               (no ring)

@: lethally poisoned (0 -> -4), very slightly contaminated
A: fangs 1, strong nose, distributed training
a: no special abilities


You were on level 2 of the Dungeon.
You visited 1 branch of the dungeon, and saw 2 of its levels.

You collected 8 gold pieces.

Inventory:

Hand Weapons
 o - a +1 dagger of venom (weapon)
Missiles
 j - 3 javelins
Armour
 b - a +0 robe (worn)
 c - a +0 hat (worn)
Jewellery
 d - a ring of positive energy (left hand)
Scrolls
 e - a scroll of fear {unknown}
 f - a scroll of blinking {unknown}
 g - a scroll of identify {unknown}
 h - a scroll of vulnerability {unknown}
 m - a scroll of fog {unknown}
Potions
 i - a potion of brilliance {unknown}
 k - a potion of might {unknown}
 l - a potion of lignification {unknown}
 n - 2 potions of curing {unknown}


   Skills:
 + Level 0.8 Fighting
 + Level 0.8 Short Blades
 + Level 0.8 Long Blades
 + Level 0.8 Axes
 + Level 0.8 Maces & Flails
 + Level 0.8 Polearms
 + Level 0.8 Staves
 + Level 0.8 Slings
 + Level 0.8 Bows
 + Level 0.8 Crossbows
 + Level 0.8 Throwing
 + Level 0.8 Armour
 + Level 4.5 Dodging
 + Level 4.1 Stealth
 + Level 0.8 Shields
 + Level 0.8 Unarmed Combat
 + Level 7.1 Spellcasting
 + Level 2.1 Conjurations
 + Level 0.5 Hexes
 + Level 2.1 Summonings
 + Level 0.5 Necromancy
 + Level 2.1 Translocations
 + Level 0.5 Transmutations
 + Level 0.5 Fire Magic
 + Level 0.5 Ice Magic
 + Level 0.5 Air Magic
 + Level 0.5 Earth Magic
 + Level 0.5 Poison Magic
 + Level 1.0 Invocations
 + Level 0.8 Evocations


You had 13 spell levels left.
You knew the following spells:

 Your Spells              Type           Power      Damage    Failure   Level
a - Magic Dart            Conj           44%        1d5       5%          1
b - Call Imp              Summ           11%        N/A       9%          2

Your spell library contained the following spells:

 Spells                   Type           Power      Damage    Failure   Level
 Blink                    Tloc           22%        N/A       9%          2
 Slow                     Hex            28%        N/A       11%         1
 Conjure Flame            Conj/Fire      9%         6-21      22%         3
 Mephitic Cloud           Conj/Pois/Air  8%         N/A       26%         3
 Inner Flame              Hex/Fire       7%         N/A       30%         3
 Cause Fear               Hex            3%         N/A       71%         4
 Discord                  Hex            3%         N/A       100%        8


Dungeon Overview and Level Annotations

Branches:
Dungeon (2/15)

Altars:


Innate Abilities, Weirdness & Mutations

You have very sharp teeth.
Your uncanny sense of smell can sniff out nearby items.
Your experience applies equally to all skills.


Message History

You kill the adder!
Your Invocations skill increases to level 1!
You miscast Magic Dart.
You are very lightly contaminated with residual magic.
Nothing appears to happen.
The endoplasm completely misses you.
You miscast Magic Dart.
Nothing appears to happen.
The endoplasm hits you.
The magic dart hits the kobold.
The kobold is moderately wounded.
The endoplasm closely misses you.
The kobold splashes around in the water.
You are too depleted to draw on your mana recklessly!
You swap places.
The endoplasm closely misses your crimson imp.
The kobold hits you with a +0 dagger of venom.
You are poisoned.
Your crimson imp hits the endoplasm.
You hit the kobold.
The kobold is poisoned.
You bite the kobold, but do no damage.
The kobold is heavily wounded.
You feel very sick. The endoplasm hits your crimson imp.
The kobold hits you with a +0 dagger of venom.
You are lethally poisoned!
Your crimson imp hits the endoplasm.
You feel very sick.
You kill the kobold!
You hear a splash. x2
The endoplasm completely misses your crimson imp.
Your crimson imp hits the endoplasm.
The endoplasm dies!
You feel very sick.
* * * LOW HITPOINT WARNING * * *
You feel very sick.
* * * LOW HITPOINT WARNING * * *
You feel sick.
* * * LOW HITPOINT WARNING * * *
You feel sick.
* * * LOW HITPOINT WARNING * * *
You feel sick.
You die...

##.# #.)# #..# #..# ####
#..######♣≈≈♣♣## #
##.......♣≈≈≈P≈≈♣ ♣♣♣♣♣♣ .##
......#.≈≈P≈≈≈≈♣♣♣♣≈≈≈≈♣♣#..##.#
##.##...P≈≈≈≈P≈≈≈≈≈≈≈≈≈≈≈≈..≈≈[#
...##......†)...@..5........≈≈♣
#####...≈≈≈≈≈≈≈≈≈≈≈≈≈≈≈≈)≈.≈P≈≈♣
# #.#.#♣≈≈†≈≈≈PP≈≈≈P≈≈≈≈.≈≈≈≈≈ #
#...##♣≈≈≈P≈≈≈♣≈≈≈≈≈≈≈.≈≈P≈≈ #
###.# #♣♣♣♣♣###♣♣♣♣≈≈≈.≈≈≈≈≈ #
#.. ♣♣≈≈.≈≈≈≈P # ### ♣≈≈.≈≈≈≈≈ #
♣≈≈.≈≈≈≈≈ #


You could see a friendly crimson imp (summoned).

Vanquished Creatures
  An adder (D:2)
  4 bats
  3 endoplasms (D:1)
  3 giant cockroaches
  4 goblins
  2 hobgoblins
  2 kobolds
  A quokka (D:1)
  4 ball pythons (D:1)
  A frilled lizard (D:1)
  4 rats (D:1)
29 creatures vanquished.

Vanquished Creatures (collateral kills)
  An endoplasm (D:2)
1 creature vanquished.

Vanquished Creatures (others)
  11 plants (D:2)
11 creatures vanquished.

Grand Total: 41 creatures vanquished

Notes
Turn   | Place    | Note
-------+----------+-------------------------------------------
     0 | D:1      | fragbeetle the Gnoll Hedge Wizard began the quest for the
                  | Orb.
     0 | D:1      | Reached XP level 1. HP: 13/13 MP: 8/8
   266 | D:1      | Reached XP level 2. HP: 19/19 MP: 6/10
   269 | D:1      | Learned a level 2 spell: Call Imp
   387 | D:1      | Found a faded altar of an unknown god.
  1257 | D:1      | Reached XP level 3. HP: 25/25 MP: 8/11
  1497 | D:2      | Reached skill level 1 in Invocations
  1507 | D:2      | HP: 1/25 [poisoned by a kobold]
  1508 | D:2      | Succumbed to a kobold's poison

Illustrated notes

Levels and vault maps discovered:
D:1:      minmay_arrival_wavy_path, layout_basic,
          shapermc_ecumenical_altar_petra
D:2:      layout_loops_ring, serial_bayou_lagoon_b

Skill      XL: |  1  2  3 |
---------------+----------+-----
Conjurations   | 2 |  2.1
Summonings     | 2 |  2.1
Translocations | 2 |  2.1
Invocations    | 1 |  1.0
Fighting       | |  0.8
Short Blades   | |  0.8
Long Blades    | |  0.8
Axes           | |  0.8
Maces & Flails | |  0.8
Polearms       | |  0.8
Staves         | |  0.8
Slings         | |  0.8
Bows           | |  0.8
Crossbows      | |  0.8
Throwing       | |  0.8
Armour         | |  0.8
Dodging        | |  4.5
Stealth        | |  4.1
Shields        | |  0.8
Unarmed Combat | |  0.8
Spellcasting   | |  7.1
Hexes          | |  0.5
Necromancy     | |  0.5
Transmutations | |  0.5
Fire Magic     | |  0.5
Ice Magic      | |  0.5
Air Magic      | |  0.5
Earth Magic    | |  0.5
Poison Magic   | |  0.5
Evocations     | |  0.8

Action                   || total
-------------------------++-------
Melee: Dagger            ||     1
       Bite              ||     1
 Cast: Magic Dart        ||    74
       Call Imp          ||     1
Armor: Robe              ||     2
Dodge: Dodged            ||    12

Table legend: (Time is in decaauts)
 A = Elapsed time spent in this place.
 B = Non-inter-level travel time spent in this place.
 C = Inter-level travel time spent in this place.
 D = Time resting spent in this place.
 E = Time spent auto-exploring this place.
 F = Levels seen in this place.
 G = Mean time per level.
                   A        B        C        D        E       F      G
               +--------+--------+--------+--------+--------+-----+--------+
         Total |   1509 |   1471 |     38 |      0 |   1305 |   2 |  754.5 |
       Dungeon |   1509 |   1471 |     38 |      0 |   1305 |   2 |  754.5 |
               +--------+--------+--------+--------+--------+-----+--------+

Top non-repeatable levels by time:
     D:1: 1326 daAuts
     D:2: 182 daAuts
